% Time on Ice - REGINA FALCONS
Lines # - Real PCT - Wanted PCT - Time Play
Normal Forward
1 - 34% - 35% - 14:17
2 - 30% - 32% - 12:31
3 - 21% - 19% - 9:04
4 - 15% - 14% - 6:24
Normal Defense
1 - 33% - 38% - 14:07
2 - 37% - 35% - 15:32
3 - 30% - 27% - 12:37
4 - 0% - 0% - 0:00
PP Forward
1 - 59% - 55% - 8:11
2 - 41% - 45% - 5:35
PP Defense
1 - 55% - 55% - 7:36
2 - 45% - 45% - 6:10
PK Forward
1 - 62% - 55% - 2:28
2 - 38% - 45% - 1:30
PK Defense
1 - 39% - 55% - 1:33
2 - 61% - 45% - 2:25
PK3 Forward
1 - 0% - 55%
2 - 0% - 45%
PK3 Defense
1 - 0% - 55%
2 - 0% - 45%
44 Forward
1 - 0% - 55%
2 - 0% - 45%
44 Defense
1 - 0% - 55%
2 - 0% - 45%
Last Minute Offensive  - 0:00
Last Minute Defensive  - 0:00
Total
Forward - 60:00
Defense - 60:00
% Time on Ice - ANAHEIM OUTLAWS
Lines # - Real PCT - Wanted PCT - Time Play
Normal Forward
1 - 32% - 29% - 13:43
2 - 29% - 29% - 12:08
3 - 24% - 25% - 10:21
4 - 14% - 17% - 6:04
Normal Defense
1 - 34% - 35% - 14:24
2 - 40% - 35% - 16:56
3 - 24% - 20% - 10:18
4 - 1% - 10% - 0:38
PP Forward
1 - 43% - 50% - 1:43
2 - 57% - 50% - 2:15
PP Defense
1 - 52% - 50% - 2:03
2 - 48% - 50% - 1:55
PK Forward
1 - 53% - 50% - 7:14
2 - 47% - 50% - 6:32
PK Defense
1 - 43% - 50% - 5:54
2 - 57% - 50% - 7:52
PK3 Forward
1 - 0% - 55%
2 - 0% - 45%
PK3 Defense
1 - 0% - 55%
2 - 0% - 45%
44 Forward
1 - 0% - 50%
2 - 0% - 50%
44 Defense
1 - 0% - 50%
2 - 0% - 50%
Last Minute Offensive  - 0:00
Last Minute Defensive  - 0:00
Total
Forward - 60:00
Defense - 60:00
Play-by-Play 1st period 0:01 of 1st period - Jonathan Drouin wins face-off versus Jonathan Miller in neutral zone. 0:53 of 1st period - Icing by Duncan Keith. 0:54 of 1st period - Jonathan Drouin wins face-off versus Nazem Kadri in ANAHEIM OUTLAWS zone. 0:54 of 1st period - Jonathan Drouin is hit by Blake Comeau. 1:16 of 1st period - Icing by Robert Bortuzzo. 1:17 of 1st period - Garnet Hathaway wins face-off versus Boone Jenner in ANAHEIM OUTLAWS zone. 1:26 of 1st period - Keith Yandle is hit by Brandon Saad and loses puck. 1:39 of 1st period - Shot by Boone Jenner. 1:39 of 1st period - Shot Blocked by Robert Bortuzzo. 2:06 of 1st period - Off-side. 2:07 of 1st period - Michael Grabner wins face-off versus Antti Suomela in neutral zone. 3:00 of 1st period - Off-side. 3:01 of 1st period - Nazem Kadri wins face-off versus Jonathan Audy-Marchessault in neutral zone. 3:03 of 1st period - Max Pacioretty is hit by Mark Borowiecki and loses puck. 3:16 of 1st period - Ron Hainsey is hit by Ryan Callahan. 3:33 of 1st period - Shot by Blake Comeau. 3:33 of 1st period - Stopped by Matthew Murray without a rebound. 3:34 of 1st period - Jonathan Miller wins face-off versus Jonathan Drouin in ANAHEIM OUTLAWS zone. 3:49 of 1st period - Shot by Keith Yandle. 3:49 of 1st period - Shot Hit the Post. 3:59 of 1st period - Shot by John Tavares. 3:59 of 1st period - Stopped by Frederik Andersen without a rebound. 4:00 of 1st period - Boone Jenner wins face-off versus Garnet Hathaway in REGINA FALCONS zone. 4:00 of 1st period - Boone Jenner is hit by Garnet Hathaway. 4:15 of 1st period - Shot by Mark Borowiecki. 4:15 of 1st period - Shot Blocked by Sami Vatanen. 4:17 of 1st period - Shot by Mark Borowiecki. 4:17 of 1st period - Shot Blocked by Sami Vatanen. 4:30 of 1st period - Off-side. 4:31 of 1st period - Nazem Kadri wins face-off versus Michael Grabner in neutral zone. 4:33 of 1st period - Max Pacioretty is hit by Robert Bortuzzo and loses puck. 4:48 of 1st period - Shot by Max Pacioretty. 4:48 of 1st period - Shot Hit the Post. 5:12 of 1st period - Shot by Blake Comeau. 5:12 of 1st period - Deflect By Max Pacioretty. 5:12 of 1st period - Stopped by Matthew Murray without a rebound. 5:13 of 1st period - Jonathan Audy-Marchessault wins face-off versus Jonathan Miller in ANAHEIM OUTLAWS zone. 5:19 of 1st period - Minor Penalty to Ryan Callahan for High sticking. 5:20 of 1st period - Jonathan Miller wins face-off versus Garnet Hathaway in ANAHEIM OUTLAWS zone. 5:25 of 1st period - Shot by Patrik Laine. 5:25 of 1st period - Stopped by Matthew Murray with a rebound. 7:05 of 1st period - Shot by Nazem Kadri. 7:05 of 1st period - Stopped by Matthew Murray without a rebound. 7:06 of 1st period - Jonathan Miller wins face-off versus Garnet Hathaway in ANAHEIM OUTLAWS zone. 7:27 of 1st period - Shot by Valeri Nichushkin. 7:27 of 1st period - Shot Misses the Net. 7:46 of 1st period - Shot by John Tavares. 7:46 of 1st period - Shot Misses the Net. 7:48 of 1st period - Shot by John Tavares. 7:48 of 1st period - Stopped by Frederik Andersen without a rebound. 7:49 of 1st period - Matt Duchene wins face-off versus Boone Jenner in REGINA FALCONS zone. 7:50 of 1st period - Shot by Jonathan Audy-Marchessault. 7:50 of 1st period - Shot Misses the Net. 8:03 of 1st period - Ron Hainsey is hit by Ryan Callahan and loses puck. 8:27 of 1st period - Shot by Boone Jenner. 8:27 of 1st period - Stopped by Matthew Murray without a rebound. 8:28 of 1st period - Adrian Kempe wins face-off versus Jonathan Miller in ANAHEIM OUTLAWS zone. 8:43 of 1st period - Off-side. 8:44 of 1st period - Nazem Kadri wins face-off versus Jonathan Drouin in neutral zone. 8:55 of 1st period - Shot by Max Pacioretty. 8:55 of 1st period - Stopped by Matthew Murray without a rebound. 8:56 of 1st period - Jonathan Miller wins face-off versus Garnet Hathaway in ANAHEIM OUTLAWS zone. 9:03 of 1st period - Shot by David Pastrnak. 9:03 of 1st period - Deflect By Jonathan Miller. 9:03 of 1st period - Shot Misses the Net. 9:05 of 1st period - Shot by Ryan Murray. 9:05 of 1st period - Goal by Ryan Murray - REGINA FALCONS : 1 - ANAHEIM OUTLAWS : 0. 9:06 of 1st period - Jonathan Drouin wins face-off versus Patrik Laine in neutral zone. 9:10 of 1st period - Jonathan Drouin is hit by Ryan Murray and loses puck. 9:41 of 1st period - Shot by Jonathan Drouin. 9:41 of 1st period - Shot Misses the Net. 9:43 of 1st period - Shot by John Tavares. 9:43 of 1st period - Shot Misses the Net. 9:45 of 1st period - Shot by Michael Rasmussen. 9:45 of 1st period - Stopped by Frederik Andersen without a rebound. 9:46 of 1st period - Nazem Kadri wins face-off versus Garnet Hathaway in REGINA FALCONS zone. 9:53 of 1st period - Shot by Max Pacioretty. 9:53 of 1st period - Goal by Max Pacioretty - REGINA FALCONS : 2 - ANAHEIM OUTLAWS : 0. 9:54 of 1st period - Nazem Kadri wins face-off versus Garnet Hathaway in neutral zone. 9:57 of 1st period - Shot by Marc-Edouard Vlasic. 9:57 of 1st period - Shot Misses the Net. 10:23 of 1st period - Shot by Keith Yandle. 10:23 of 1st period - Stopped by Frederik Andersen with a rebound. 10:39 of 1st period - Marc-Edouard Vlasic is hit by Garnet Hathaway and loses puck. 11:15 of 1st period - Shot by Patrik Laine. 11:15 of 1st period - Stopped by Matthew Murray without a rebound. 11:16 of 1st period - Adrian Kempe wins face-off versus Valeri Nichushkin in ANAHEIM OUTLAWS zone. 11:57 of 1st period - Minor Penalty to Richard Panik for Tripping. 11:58 of 1st period - Jonathan Miller wins face-off versus Jonathan Drouin in ANAHEIM OUTLAWS zone. 12:03 of 1st period - Shot by Patrik Laine. 12:03 of 1st period - Shot Blocked by Jonathan Audy-Marchessault. 12:05 of 1st period - Shot by Ryan Murray. 12:05 of 1st period - Stopped by Matthew Murray without a rebound. 12:06 of 1st period - Jonathan Drouin wins face-off versus Jonathan Miller in ANAHEIM OUTLAWS zone. 12:19 of 1st period - Shot by Jonathan Miller. 12:19 of 1st period - Stopped by Matthew Murray with a rebound. 12:48 of 1st period - Shot by David Pastrnak. 12:48 of 1st period - Stopped by Matthew Murray without a rebound. 12:49 of 1st period - Nazem Kadri wins face-off versus Garnet Hathaway in ANAHEIM OUTLAWS zone. 13:10 of 1st period - Shot by Brandon Saad. 13:10 of 1st period - Shot Blocked by Thomas Hickey. 13:30 of 1st period - Shot by Brandon Saad. 13:30 of 1st period - Stopped by Matthew Murray without a rebound. 13:31 of 1st period - Jonathan Miller wins face-off versus Jonathan Drouin in ANAHEIM OUTLAWS zone. 14:20 of 1st period - Mirco Mueller is hit by Richard Panik and loses puck. 14:24 of 1st period - Icing by Ben Harpur. 14:25 of 1st period - John Tavares wins face-off versus Antti Suomela in REGINA FALCONS zone. 14:52 of 1st period - Shot by David Pastrnak. 14:52 of 1st period - Stopped by Matthew Murray without a rebound. 14:53 of 1st period - Jonathan Miller wins face-off versus Jonathan Audy-Marchessault in ANAHEIM OUTLAWS zone. 14:53 of 1st period - Jonathan Miller is hit by Robert Bortuzzo. 15:13 of 1st period - Minor Penalty to Ryan Callahan for Holding. 15:14 of 1st period - Max Pacioretty wins face-off versus Jonathan Drouin in ANAHEIM OUTLAWS zone. 15:57 of 1st period - Shot by Brandon Saad. 15:57 of 1st period - Shot Misses the Net. 15:59 of 1st period - Shot by Brandon Saad. 15:59 of 1st period - Deflect By Max Pacioretty. 15:59 of 1st period - Stopped by Matthew Murray without a rebound. 16:00 of 1st period - Jonathan Miller wins face-off versus Jonathan Drouin in ANAHEIM OUTLAWS zone. 17:12 of 1st period - Shot by Max Pacioretty. 17:12 of 1st period - Goal by Max Pacioretty - REGINA FALCONS : 3 - ANAHEIM OUTLAWS : 0. 17:13 of 1st period - Jonathan Drouin wins face-off versus Antti Suomela in neutral zone. 18:02 of 1st period - Shot by Nazem Kadri. 18:02 of 1st period - Shot Misses the Net. 18:24 of 1st period - Shot by Blake Comeau. 18:24 of 1st period - Shot Misses the Net. 18:36 of 1st period - Shot by Blake Comeau. 18:36 of 1st period - Stopped by Matthew Murray without a rebound. 18:37 of 1st period - Jonathan Miller wins face-off versus Garnet Hathaway in ANAHEIM OUTLAWS zone. 18:38 of 1st period - Shot by David Pastrnak. 18:38 of 1st period - Stopped by Matthew Murray without a rebound. 18:39 of 1st period - Jonathan Miller wins face-off versus Garnet Hathaway in ANAHEIM OUTLAWS zone. 18:50 of 1st period - Shot by Patrik Laine. 18:50 of 1st period - Shot Blocked by Mark Borowiecki. 19:06 of 1st period - Shot by Jonathan Miller. 19:06 of 1st period - Stopped by Matthew Murray without a rebound. 19:07 of 1st period - Blake Comeau wins face-off versus Adrian Kempe in ANAHEIM OUTLAWS zone. 19:10 of 1st period - Shot by Nazem Kadri. 19:10 of 1st period - Deflect By Max Pacioretty. 19:10 of 1st period - Stopped by Matthew Murray without a rebound. 19:10 of 1st period - Minor Penalty to Thomas Hickey for Goalie Interference. 19:11 of 1st period - Nazem Kadri wins face-off versus Garnet Hathaway in ANAHEIM OUTLAWS zone. 19:12 of 1st period - Shot by Brandon Saad. 19:12 of 1st period - Shot Misses the Net. 19:18 of 1st period - Shot by Marc-Edouard Vlasic. 19:18 of 1st period - Stopped by Matthew Murray without a rebound. 19:19 of 1st period - Jonathan Drouin wins face-off versus Jonathan Miller in ANAHEIM OUTLAWS zone. 19:32 of 1st period - Shot by Jonathan Miller. 19:32 of 1st period - Stopped by Matthew Murray with a rebound. Goals for this period are 3 for REGINA FALCONS vs 0 for ANAHEIM OUTLAWS. Shots for this period are 22 for REGINA FALCONS vs 4 for ANAHEIM OUTLAWS. 2nd period 0:01 of 2nd period - Jonathan Miller wins face-off versus Jonathan Drouin in neutral zone. 0:06 of 2nd period - Shot by Jonathan Miller. 0:06 of 2nd period - Shot Misses the Net. 1:00 of 2nd period - Shot by Brandon Saad. 1:00 of 2nd period - Shot Misses the Net. 1:02 of 2nd period - Shot by Marc-Edouard Vlasic. 1:02 of 2nd period - Goal by Marc-Edouard Vlasic - REGINA FALCONS : 4 - ANAHEIM OUTLAWS : 0. 1:02 of 2nd period - Mackenzie Blackwood enters game. 1:03 of 2nd period - Nazem Kadri wins face-off versus Nicholas Ritchie in neutral zone. 1:03 of 2nd period - Blake Comeau is hit by Garnet Hathaway and loses puck. 1:10 of 2nd period - Shot by Max Pacioretty. 1:10 of 2nd period - Shot Misses the Net. 1:12 of 2nd period - Shot by Blake Comeau. 1:12 of 2nd period - Shot Misses the Net. 1:14 of 2nd period - Shot by Nazem Kadri. 1:14 of 2nd period - Stopped by Mackenzie Blackwood without a rebound. 1:15 of 2nd period - Boone Jenner wins face-off versus Jonathan Audy-Marchessault in ANAHEIM OUTLAWS zone. 1:23 of 2nd period - Icing by Robert Bortuzzo. 1:24 of 2nd period - Nazem Kadri wins face-off versus Ryan Callahan in ANAHEIM OUTLAWS zone. 1:24 of 2nd period - Max Pacioretty is hit by Robert Bortuzzo and loses puck. 1:33 of 2nd period - Shot by Nazem Kadri. 1:33 of 2nd period - Shot Blocked by Matt Duchene. 1:35 of 2nd period - Shot by Max Pacioretty. 1:35 of 2nd period - Goal by Max Pacioretty - REGINA FALCONS : 5 - ANAHEIM OUTLAWS : 0. 1:36 of 2nd period - Jonathan Miller wins face-off versus Garnet Hathaway in neutral zone. 2:09 of 2nd period - Jonathan Miller is hit by Thomas Hickey and loses puck. 2:19 of 2nd period - Minor Penalty to Sami Vatanen for Hooking. 2:20 o